 Dungeon Crawl Stone Soup version 0.25.1-2-g60ff931df9 (webtiles) character file.

Game seed: 16124524522534836983

142370 DildoBatman the Earth Mage (level 17, -2/128 HPs)
             Began as a Formicid Wizard on Nov 7, 2020.
             Was an Initiate of Gozag.
             Slain by Arachne
             ... wielding an uncursed staff of poison
              (6 damage)
             ... on level 3 of the Spider Nest.
             The game lasted 02:33:45 (29442 turns).

DildoBatman the Earth Mage (Formicid Wizard)       Turns: 29442, Time: 02:33:46

Health: -2/128     AC: 18    Str: 17    XL:     17   Next: 96%
Magic:  2/31       EV:  2    Int: 31    God:    Gozag
Gold:   5719       SH:  0    Dex:  9    Spells: 3/44 levels left

rFire    . . .     SeeInvis +   a - +4 lajatang (vamp)
rCold    . . .     Gourm    .   D - +18 shield of the Gong {rElec rN+ MR+ EV-5}
rNeg     + . .     Faith    .   o - +4 troll leather armour
rPois    +         Spirit   .   (helmet unavailable)
rElec    +         Reflect  .   A - scarf {repulsion}
rCorr    .         Harm     .   L - +2 pair of gloves
MR       ++...                  l - +0 pair of boots
Stlth    ++........             (no amulet)
HPRegen  1.11/turn              B - ring "Doat Dud" {rPois AC+4 Str+5}
MPRegen  0.22/turn              X - +6 ring of intelligence

@: lethally poisoned (-2 -> -3), gold aura, stab, held, lightly drained,
invisible, repel missiles
A: permanent stasis, dig shafts and tunnels, four strong arms, antennae 3,
hooves 1, blurry vision 1, low mp 1, regeneration 1, wild magic 1
a: Dig, Shaft Self, Potion Petition, Call Merchant, Bribe Branch, Renounce
Religion


You were on level 3 of the Spider Nest.
You worshipped Gozag.
Gozag was greatly pleased with you.
You were full.

You visited 5 branches of the dungeon, and saw 27 of its levels.
You also visited: Bailey, Ice Cave and Volcano.

You collected 7210 gold pieces.
You spent 714 gold pieces at shops.
You paid 777 gold pieces to Gozag.

Inventory:

Hand Weapons
 a - a +4 vampiric lajatang (weapon)
 b - the +7 war axe of Sukked {flame, +Blink rPois}
   (You found it in an ice cave)

   It has been specially enchanted to burn those struck by it, causing extra
   injury to most foes and up to half again as much damage against particularly
   susceptible opponents.
   Big, fiery blades are also staple armaments of hydra-hunters.
   It protects you from poison.
   It lets you blink.
 c - a +2 arbalest of flaming
 d - the +1 great mace "Ydud" {freeze, +Inv rC+}
   (You took it off an ettin on level 2 of the Orcish Mines)

   It has been specially enchanted to freeze those struck by it, causing extra
   injury to most foes and up to half again as much damage against particularly
   susceptible opponents.
   It can also slow down cold-blooded creatures.
   It protects you from cold.
   It lets you turn invisible.
 e - the +2 trident "Quekh" {venom, +Rage rElec rF+++ Int-2}
   (You found it on level 9 of the Dungeon)

   It poisons the flesh of those it strikes.
   It affects your intelligence (-2).
   It renders you almost immune to fire.
   It insulates you from electricity.
   It lets you go berserk.
Missiles
 h - 544 bolts
 k - 4 javelins
 p - 2 throwing nets
 G - 724 arrows
 Z - 171 sling bullets
Armour
 l - a +0 pair of boots (worn)
 o - a +4 troll leather armour (worn)
 A - a scarf of repulsion (worn)
 D - the +18 shield of the Gong (worn) {rElec rN+ MR+ EV-5}
   (You found it in an ice cave)

   It affects your evasion (-5).
   It insulates you from electricity.
   It protects you from negative energy.
   It affects your resistance to hostile enchantments.
 L - a +2 pair of gloves (worn)
 P - a +2 kite shield
Magical Staves
 W - an uncursed staff of wizardry
Jewellery
 u - an uncursed ring of protection from magic
 y - an uncursed ring of ice
 B - the ring "Doat Dud" (left hand) {rPois AC+4 Str+5}
   (You found it on level 6 of the Lair of Beasts)

   [ring of protection]

   It affects your AC (+4).
   It affects your strength (+5).
   It protects you from poison.
 F - a +4 ring of evasion
 J - an uncursed ring of protection from cold
 Q - an uncursed ring of resist corrosion
 X - a +6 ring of intelligence (right hand)
Wands
 i - a wand of iceblast (12)
 H - a wand of acid (10)
Scrolls
 f - 3 scrolls of immolation
 m - 8 scrolls of fog
 q - 4 scrolls of silence {unknown}
 s - 7 scrolls of fear
 x - 2 scrolls of remove curse
 z - 5 scrolls of identify
 C - 2 scrolls of magic mapping
 E - 2 scrolls of summoning
 I - a scroll of torment
 N - a scroll of enchant armour
 O - a scroll of amnesia
 R - a scroll of holy word
Potions
 g - 8 potions of brilliance
 j - a potion of ambrosia
 n - a potion of flight
 r - a potion of resistance
 t - 2 potions of cancellation
 w - 5 potions of heal wounds
 K - 7 potions of curing
 M - a potion of might
 S - a potion of degeneration {unknown}
Comestibles
 v - 33 rations


   Skills:
 - Level 10.0(9.9) Fighting
 - Level 10.0(9.9) Armour
 - Level 7.0(6.9) Dodging
 - Level 2.4(2.3) Stealth
 - Level 10.0(9.9) Shields
 - Level 14.0(13.9) Spellcasting
 - Level 6.0(5.9) Conjurations
   Level 1.0(0.9) Summonings
 - Level 12.0(11.9) Necromancy
   Level 0.8 Translocations
 * Level 3.9(3.8) Transmutations
 - Level 5.0(4.9) Fire Magic
 - Level 4.0(3.9) Air Magic
 * Level 17.4 Earth Magic
 - Level 4.0(3.9) Poison Magic


You had 3 spell levels left.
You knew the following spells:

 Your Spells              Type           Power        Failure   Level  Hunger
a - Conjure Flame         Conj/Fire      ######..     1%          3    None
b - Borgnjor's Vile Clut  Necr/Erth      #######...   1%          5    None
c - Stone Arrow           Conj/Erth      ######       1%          3    None
d - Vampiric Draining     Necr           #######...   1%          3    None
e - Mephitic Cloud        Conj/Pois/Air  ######..     2%          3    None
f - Petrify               Tmut/Erth      #######.     1%          4    None
g - Necromutation         Tmut/Necr      #######...   100%        8    ######.
h - Dispel Undead         Necr           #######.     1%          4    None
i - Statue Form           Tmut/Erth      #######..    8%          6    ###....
z - Sublimation of Blood  Necr           #######...   1%          2    None

Your spell library contained the following spells:

 Spells                   Type           Power        Failure   Level  Hunger
 Animate Skeleton         Necr           N/A          1%          1    None
 Beastly Appendage        Tmut           ######       1%          1    None
 Foxfire                  Conj/Fire      ####         1%          1    None
 Magic Dart               Conj           ####         1%          1    None
 Pain                     Necr           ####         1%          1    None
 Corpse Rot               Necr/Air       N/A          1%          2    None
 Passwall                 Tmut/Erth      #######.     1%          2    None
 Sticks to Snakes         Tmut           ######..     1%          2    None
 Apportation              Tloc           ####..       3%          1    None
 Summon Small Mammal      Summ           ####         3%          1    None
 Spider Form              Tmut/Pois      ######....   3%          3    None
 Corona                   Hex            ####...      4%          1    None
 Call Imp                 Summ           #####...     4%          2    None
 Inner Flame              Hex/Fire       #####...     4%          3    None
 Slow                     Hex            ####....     6%          2    None
 Gell's Gravitas          Tloc           ####......   9%          3    None
 Confusing Touch          Hex            ####....     12%         3    None
 Animate Dead             Necr           N/A          1%          4    None
 Agony                    Necr           #######.     1%          5    None
 Sticky Flame             Conj/Fire      ######..     4%          4    None
 Death Channel            Necr           #######...   4%          6    ###....
 Fireball                 Conj/Fire      ######....   12%         5    None
 Irradiate                Conj/Tmut      ######....   14%         5    None
 Ice Form                 Ice/Tmut       #####...     16%         4    None
 Blade Hands              Tmut           ######....   21%         5    None
 Cause Fear               Hex            ####......   34%         4    None
 Silence                  Hex/Air        #####.....   38%         5    None
 Yara's Violent Unravell  Hex/Tmut       #####.....   38%         5    None
 Simulacrum               Ice/Necr       ######....   41%         6    ###....
 Summon Forest            Summ/Tloc      #####.....   52%         5    None
 Conjure Ball Lightning   Conj/Air       ######....   54%         6    ###....
 Metabolic Englaciation   Hex/Ice        ####......   65%         5    None
 Eringya's Noxious Bog    Tmut/Pois      ######....   69%         6    ###....
 Hydra Form               Tmut           ######....   69%         6    ###....
 Freezing Cloud           Conj/Ice/Air   ######....   77%         6    ###....
 Borgnjor's Revivificati  Necr           #######...   83%         8    ######.
 Infestation              Necr           #######...   83%         8    ######.
 Haunt                    Necr/Summ      ######....   88%         7    #####..
 Invisibility             Hex            ####....     99%         6    ###....
 Summon Hydra             Summ           #####.....   100%        7    #####..
 Death's Door             Chrm/Necr      ######....   100%        8    ######.
 Discord                  Hex            ####......   100%        8    ######.
 Swiftness                Chrm/Air       Unusable     N/A         2    N/A
 Blink                    Tloc           Unusable     N/A         2    N/A

Dungeon Overview and Level Annotations

Branches:
Dungeon (15/15)            Temple (1/1) D:6            Lair (6/6) D:11
 Shoals (0/4) Lair:4       Spider (3/4) Lair:2        Slime (0/5) Lair:5
    Orc (2/2) D:11            Elf (0/3) Orc:2        Vaults (0/5) D:13
 Depths (0/5) D:15         Bailey (visited)           IceCv (visited)
Volcano (visited)

Altars:
Ashenzari
Cheibriados
Dithmenos
Elyvilon
Fedhas
Gozag
Hepliaklqana
Kikubaaqudgha
Makhleb
Nemelex Xobeh
Okawaru
Qazlal
Ru
Sif Muna
Trog
Uskayaw
Vehumet
Wu Jian
Xom
Yredelemnul
Zin
The Shining One
Jiyva

Shops:
Orc:2 ?!=*

Annotations:
Spider:3 Arachne


Innate Abilities, Weirdness & Mutations

You cannot be hasted, slowed, berserked, paralysed or teleported.
You can dig through walls and to a lower floor.
Your four strong arms can wield two-handed weapons with a shield.
You have a pair of large antennae on your head. (SInv)
You have large cloven feet.
Scrolls take you a little longer to read.
Your magical capacity is low. (-10% MP)
Your natural rate of healing is unusually fast.
Your spells are a little harder to cast, but a little more powerful.


Message History

Press: ? - help, Shift-Dir - straight line, f/p - Arachne
Aim: Arachne, wielding a staff of poison (heavily wounded, constricted by zombie hands) Arachne is heavily wounded.
You feel life coursing into your body!
The zombie hands constrict Arachne!
Arachne mumbles some strange words.
Arachne struggles to blink free from constriction.
Arachne hits you with an uncursed staff of poison!
Arachne envenoms you! [a] - 408 gold - brilliance, resistance and flight [b] - 270 gold - resistance [c] - 336 gold - invisibility and stabbing Purchase which effect?
You fade into invisibility!
You feel ready to backstab.
The zombie hands constrict Arachne.
Arachne hits you but does no damage. Arachne envenoms you.
You die...
Your body crumbles into a pile of gold.

####......# .. #..^......#
#.. #.#.....^##...
#.......#^... #...^....#
#........# ##..$^.#
#.##$### ## ##.##@### #.#
### ##..#.H#$##.#####
#.####.#...#$#.......#
##........#.##.......H
######.........#.##........
....#....#.....s# #...s...#
................# #.......#
.................#.#.....##
................... {..°.^#


You could see Arachne (clutched).

Vanquished Creatures
  Jorgrun (D:15)
  Frances (D:14)
  Agnes (Spider:1)
  A fire giant (D:15)
  Roxanne (Spider:2)
  2 emperor scorpions
  A stone giant (Orc:1)
  An entropy weaver (Spider:2)
  The ghost of Alannah the Blocker, a journeyman GrFi of Okawaru (Orc:2)
  An ettin (Orc:2)
  A spark wasp (Spider:2)
  2 fire dragons
  The ghost of haesbaert the Frost Mage, a journeyman BaIE of Sif Muna (Lair:1)
  4 vault guards (D:13)
  An ice dragon (D:15)
  8 hydras
  A catoblepas (Lair:6)
  Erica (Lair:2)
  3 centaur warriors
  14 two-headed ogres
  Sonja (Lair:6)
  4 unseen horrors
  2 lindwurms (Lair:6)
  An obsidian statue (D:14)
  A necromancer (IceCv)
  An orc knight (Orc:2)
  An orc sorcerer (Orc:1)
  11 orb spiders
  A deep elf archer (Bailey)
  A wolf spider zombie (D:13)
  9 deep elf magi
  12 ugly things
  4 oklob plants (Lair:6)
  9 wolf spiders
  An elephant (Lair:6)
  5 cyclopes
  4 manticores
  3 salamanders (Volcano)
  4 moths of wrath
  6 black mambas
  Joseph (Lair:1)
  4 torpor snails
  4 ice statues (IceCv)
  3 centaur skeletons
  A gargoyle (D:10)
  12 spiny frogs
  2 yaktaurs (D:15)
  7 demonic crawlers
  9 ice devils
  8 komodo dragons
  4 rime drakes
  10 trolls
  3 tengu conjurers
  3 meliai
  12 jumping spiders
  3 hornets
  13 polar bears
  Grinder (D:2)
  3 raiju (Lair:6)
  18 blink frogs
  A harpy skeleton (D:15)
  Prince Ribbit (D:7)
  8 slime creatures
  2 meliai zombies
  7 dream sheep (Lair:6)
  8 hippogriffs
  A hydra skeleton (Lair:3)
  A snapping turtle (Lair:4)
  47 redbacks
  4 spriggans (Lair:1)
  A black mamba zombie (Lair:1)
  13 tarantellas
  A wraith (D:15)
  8 fire bats (Volcano)
  A human (shapeshifter) (D:15)
  21 yaks
  12 wyverns
  3 water elementals (D:14)
  4 hungry ghosts
  4 basilisks
  A golden eye (shapeshifter) (D:14)
  7 humans (D:13)
  A steam dragon (Volcano)
  Menkaure (D:5)
  4 vampire mosquitoes
  5 wargs
  14 hell hounds (Lair:6)
  2 soldier ants
  3 acid dragons
  A two-headed ogre zombie (D:11)
  9 water moccasins
  An elf zombie (D:13)
  A spiny frog zombie (Lair:1)
  A human skeleton (D:13)
  8 porcupines
  32 orc warriors
  7 sky beasts
  6 ice beasts
  2 eyes of draining (D:12)
  A spiny frog skeleton (Lair:3)
  15 black bears
  4 phantoms
  21 ogres
  17 wolves
  23 centaurs
  A torpor snail zombie (Lair:1)
  8 crocodiles
  10 bullfrogs
  A wyvern zombie (D:11)
  A gnoll sergeant (D:7)
  A salamander skeleton (Volcano)
  A water moccasin zombie (Lair:1)
  A yaktaur skeleton (D:13)
  3 cyclops zombies
  A scorpion (D:12)
  A water moccasin skeleton (Lair:1)
  A wyvern skeleton (D:9)
  4 troll zombies
  A hornet simulacrum (D:12)
  9 killer bees
  2 yak zombies
  18 wights
  A cyclops skeleton (D:14)
  7 electric eels
  A howler monkey (D:3)
  5 crimson imps
  A bullfrog zombie (D:11)
  3 centaur zombies
  13 orc priests
  A quasit (D:13)
  A draconian simulacrum (IceCv)
  7 jellies
  4 bullfrog skeletons
  Crazy Yiuf (D:7)
  5 hounds
  4 iguanas
  18 orc wizards
  4 troll simulacra (IceCv)
  A hell rat (Lair:6)
  11 worker ants
  2 porcupine zombies
  A crocodile zombie (Lair:3)
  A killer bee zombie (D:7)
  A big kobold zombie (D:15)
  5 ogre zombies
  5 centaur simulacra
  2 hound zombies
  A hound skeleton (D:14)
  A howler monkey skeleton (D:9)
  17 gnolls
  12 adders
  2 ogre simulacra (IceCv)
  4 shadow imps
  2 white imps (D:12)
  An ufetubus (D:12)
  5 oozes (D:9)
  A worm zombie (D:15)
  2 adder zombies
  2 adder skeletons
  An orc skeleton (D:13)
  3 worms
  A dart slug (D:2)
  6 leopard geckos
  71 orcs
  3 ball pythons
  2 giant cockroaches
  13 goblins
  9 hobgoblins
  9 jackals
  6 quokkas
  5 bats
  4 frilled lizards
  A goblin skeleton (D:11)
  3 goblin zombies (D:11)
  4 hobgoblin skeletons (D:11)
  A hobgoblin zombie (D:11)
  A jackal skeleton (D:4)
  7 kobolds
  A leopard gecko skeleton (D:13)
  17 orc zombies
  8 rats
  A butterfly (Lair:1)
  A fungus (Lair:2)
  10 plants
991 creatures vanquished.

Vanquished Creatures (collateral kills)
  A redback (Spider:2)
  A gnoll (D:7)
2 creatures vanquished.

Vanquished Creatures (others)
  A hippogriff (D:15)
  A human (D:13)
  3 fungi (Lair:6)
  30 plants
35 creatures vanquished.

Grand Total: 1028 creatures vanquished

Notes
Turn   | Place    | Note
-------+----------+-------------------------------------------
     0 | D:1      | DildoBatman the Formicid Wizard began the quest for the
                  | Orb.
     0 | D:1      | Reached XP level 1. HP: 13/13 MP: 4/4
     6 | D:1      | Reached skill level 1 in Conjurations
   340 | D:1      | Reached XP level 2. HP: 19/19 MP: 1/6
   712 | D:1      | Reached XP level 3. HP: 24/24 MP: 3/7
  1484 | D:2      | Reached XP level 4. HP: 30/30 MP: 2/8
  1594 | D:2      | Learned a level 3 spell: Conjure Flame
  1598 | D:2      | Learned a level 3 spell: Mephitic Cloud
  2082 | D:2      | Reached XP level 5. HP: 30/35 MP: 1/9
  2592 | D:3      | Noticed Grinder
  3149 | D:3      | Reached skill level 5 in Conjurations
  3149 | D:3      | Reached XP level 6. HP: 27/41 MP: 5/10
  3376 | D:4      | Noticed an ogre
  3411 | D:4      | Killed an ogre
  3411 | D:4      | Reached skill level 1 in Poison Magic
  3472 | D:4      | Noticed an ogre
  3483 | D:4      | Killed an ogre
  3483 | D:4      | Reached skill level 1 in Fire Magic
  3483 | D:4      | Reached skill level 1 in Air Magic
  3483 | D:4      | Reached XP level 7. HP: 46/46 MP: 4/11
  3985 | D:4      | Found a snail-covered altar of Cheibriados.
  3991 | D:4      | Found a glowing golden altar of the Shining One.
  4419 | D:5      | Entered Level 5 of the Dungeon
  4490 | D:5      | Found an ornate altar of the Wu Jian Council.
  4819 | D:5      | Reached XP level 8. HP: 50/52 MP: 8/12
  4895 | D:5      | Noticed Menkaure
  4954 | D:5      | Found a glowing silver altar of Zin.
  4964 | D:5      | Found a radiant altar of Vehumet.
  5039 | D:5      | Learned a level 3 spell: Vampiric Draining
  5141 | D:6      | Reached skill level 1 in Necromancy
  5352 | D:6      | Found a staircase to the Ecumenical Temple.
  5363 | Temple   | Entered the Ecumenical Temple
  5439 | Temple   | Became a worshipper of Kikubaaqudgha
  6035 | D:7      | Reached XP level 9. HP: 37/58 MP: 3/13
  6065 | D:7      | Reached skill level 1 in Fighting
  6065 | D:7      | Reached skill level 1 in Armour
  6093 | D:7      | Found a flagged portal.
  6123 | D:7      | Found a bloodstained altar of Trog.
  6436 | D:7      | Reached skill level 5 in Fire Magic
  6509 | D:7      | Reached * piety under Kikubaaqudgha
  6509 | D:7      | Identified Kikubaaqudgha's Compendium of Sinister Secrets
                  | (Kikubaaqudgha gifted it to you on level 7 of the Dungeon)
  6509 | D:7      | Received a gift from Kikubaaqudgha
  6519 | D:7      | Learned a level 2 spell: Sublimation of Blood
  6525 | Bailey   | Entered a bailey
  6540 | Bailey   | Noticed a deep elf mage
  6553 | Bailey   | Killed a deep elf mage
  6595 | Bailey   | Noticed a deep elf mage
  6596 | Bailey   | Noticed a deep elf mage
  6597 | Bailey   | Noticed a deep elf mage
  6609 | Bailey   | Noticed a deep elf mage
  6611 | Bailey   | Killed a deep elf mage
  6611 | Bailey   | Reached XP level 10. HP: 71/71 MP: 6/14
  6614 | Bailey   | Killed a deep elf mage
  6614 | Bailey   | Reached skill level 5 in Necromancy
  6614 | Bailey   | Noticed a deep elf mage
  6618 | Bailey   | Killed a deep elf mage
  6618 | Bailey   | Reached skill level 5 in Fighting
  6618 | Bailey   | Reached skill level 5 in Armour
  6622 | Bailey   | Killed a deep elf mage
  6652 | Bailey   | Killed a deep elf mage
  6713 | Bailey   | Noticed a deep elf mage
  6735 | Bailey   | Killed a deep elf mage
  6784 | Bailey   | Noticed a deep elf archer
  6799 | Bailey   | Killed a deep elf archer
  6927 | Bailey   | Identified the Guide on Feathers and Enchantment
  7001 | D:7      | Found a shadowy altar of Dithmenos.
  7005 | D:7      | Noticed Prince Ribbit
  7021 | D:7      | Killed Prince Ribbit
  7021 | D:7      | Reached XP level 11. HP: 62/81 MP: 12/15
  7217 | D:7      | Reached skill level 5 in Dodging
  7265 | D:7      | Found a sparkling altar of Nemelex Xobeh.
  7404 | D:7      | Found a shimmering altar of Xom.
  7511 | D:7      | Found a runed translucent door.
  7513 | D:7      | Noticed Crazy Yiuf
  7523 | D:7      | Killed Crazy Yiuf
  8418 | D:8      | Reached ** piety under Kikubaaqudgha
  9242 | D:5      | Killed Menkaure
  9514 | D:2      | Killed Grinder
  9522 | D:2      | You fall into a shaft and drop 1 floor!
  9526 | D:3      | You fall into a shaft and drop 2 floors!
  9530 | D:5      | You fall into a shaft and drop 2 floors!
 10117 | D:9      | Found an iron altar of Okawaru.
 10403 | D:9      | Reached *** piety under Kikubaaqudgha
 10403 | D:9      | Identified Kikubaaqudgha's Disquisition on Dark Magic
                  | (Kikubaaqudgha gifted it to you on level 9 of the Dungeon)
 10403 | D:9      | Received a gift from Kikubaaqudgha
 10412 | D:9      | Learned a level 4 spell: Dispel Undead
 10428 | D:9      | Reached skill level 5 in Spellcasting
 10480 | D:9      | Noticed a cyclops
 10501 | D:9      | Killed a cyclops
 10573 | D:9      | Noticed an eight-headed hydra
 10573 | D:9      | Noticed a purple ugly thing
 10660 | D:8      | Learned a level 5 spell: Borgnjor's Vile Clutch
 10700 | D:9      | Killed a purple ugly thing
 10700 | D:9      | Reached skill level 2 in Earth Magic
 10936 | D:9      | Reached skill level 3 in Earth Magic
 10975 | D:9      | Got a vibrating diamond amulet
 10981 | D:9      | Got an encrusted trident
 11063 | D:9      | Identified the cursed +2 trident "Quekh" {venom, +Rage
                  | rElec rF+++ Int-2} (You found it on level 9 of the Dungeon)
 11132 | D:9      | Identified the amulet of Linearity {Spirit MR+ MP+9} (You
                  | found it on level 9 of the Dungeon)
 11263 | D:9      | Killed an eight-headed hydra
 11263 | D:9      | Reached skill level 4 in Earth Magic
 11263 | D:9      | Reached XP level 12. HP: 61/91 MP: 6/20
 11306 | D:10     | Entered Level 10 of the Dungeon
 11346 | D:10     | Noticed a two-headed ogre
 11366 | D:10     | Killed a two-headed ogre
 11366 | D:10     | Reached skill level 5 in Earth Magic
 11395 | D:10     | Reached skill level 6 in Earth Magic
 11478 | D:10     | Reached skill level 7 in Earth Magic
 11661 | D:10     | Noticed a two-headed ogre
 11672 | D:10     | Killed a two-headed ogre
 11672 | D:10     | Reached skill level 8 in Earth Magic
 11796 | D:10     | Reached skill level 9 in Earth Magic
 12283 | D:11     | Found a staircase to the Orcish Mines.
 12295 | D:11     | Reached **** piety under Kikubaaqudgha
 12474 | D:11     | Found a staircase to the Lair.
 12675 | D:11     | Reached skill level 10 in Earth Magic
 13048 | Orc:1    | Entered Level 1 of the Orcish Mines
 13154 | Orc:1    | Noticed a stone giant
 13312 | Orc:1    | Killed a stone giant
 13312 | Orc:1    | Reached ***** piety under Kikubaaqudgha
 13312 | Orc:1    | Reached skill level 11 in Earth Magic
 13312 | Orc:1    | Reached skill level 1 in Shields
 13312 | Orc:1    | Reached XP level 13. HP: 19/96 MP: 2/21
 13583 | Orc:1    | Reached skill level 5 in Shields
 13970 | Orc:2    | Entered Level 2 of the Orcish Mines
 14202 | Orc:2    | Found a staircase to the Elven Halls.
 14684 | Orc:2    | Found a transporter.
 14685 | Orc:2    | Noticed Alannah's ghost (journeyman GrFi)
 14687 | Orc:2    | Identified the +1 great mace "Ydud" {freeze, +Inv rC+}
 14687 | Orc:2    | Noticed an ettin
 14782 | Orc:2    | Found a transporter.
 15005 | Orc:2    | Found Amixzost's Distillery.
 15005 | Orc:2    | Found Mekucal's Jewellery Shop.
 15007 | Orc:2    | Found Fidesasm's General Store.
 15009 | Orc:2    | Found Fuerph's Magic Scroll Shoppe.
 15016 | Orc:2    | Bought a scroll of identify for 28 gold pieces
 15016 | Orc:2    | Bought a scroll of identify for 28 gold pieces
 15023 | Orc:2    | Bought a scroll of magic mapping for 38 gold pieces
 15023 | Orc:2    | Bought a scroll of amnesia for 38 gold pieces
 15023 | Orc:2    | Bought a scroll of torment for 82 gold pieces
 15026 | Orc:2    | Bought a potion of brilliance for 44 gold pieces
 15026 | Orc:2    | Bought a potion of heal wounds for 55 gold pieces
 15026 | Orc:2    | Bought a potion of magic for 88 gold pieces
 15026 | Orc:2    | Bought a potion of might for 44 gold pieces
 15173 | Orc:2    | Killed an ettin
 15197 | Orc:2    | Killed Alannah's ghost
 15216 | Orc:2    | Reached skill level 10 in Shields
 15668 | D:12     | Found a frozen archway.
 15685 | IceCv    | Entered an ice cave
 15716 | IceCv    | Reached XP level 14. HP: 82/106 MP: 6/22
 15995 | IceCv    | Reached ****** piety under Kikubaaqudgha
 16006 | IceCv    | Received a gift from Kikubaaqudgha
 16011 | IceCv    | Fell from the grace of Kikubaaqudgha
 16086 | IceCv    | Found the +18 shield of the Gong {rElec rN+ MR+ EV-5}
 16098 | IceCv    | Got a jewelled war axe
 16150 | D:12     | Identified the +7 war axe of Sukked {flame, +Blink rPois}
                  | (You found it in an ice cave)
 16380 | Temple   | Became a worshipper of Gozag Ym Sagoz the Greedy
 16617 | D:12     | You fall into a shaft and drop 3 floors!
 16617 | D:15     | Entered Level 15 of the Dungeon
 16653 | D:15     | Noticed Jorgrun
 16661 | D:15     | Killed Jorgrun
 16687 | D:15     | HP: 3/109 [seven-headed hydra (7)]
 16689 | D:15     | Reached skill level 10 in Armour
 16760 | D:15     | Reached skill level 10 in Fighting
 17252 | D:15     | Noticed a fire giant
 17256 | D:15     | Found a staircase to the Depths.
 17269 | D:15     | Killed a fire giant
 17631 | D:14     | Noticed Frances
 17641 | D:14     | Killed Frances
 17803 | D:14     | Reached skill level 10 in Spellcasting
 17809 | D:14     | Reached XP level 15. HP: 96/115 MP: 2/29
 18400 | D:14     | Found a glowing golden altar of the Shining One.
 18841 | D:14     | Gained mutation: Your natural rate of healing is unusually
                  | fast. [potion of mutation]
 18841 | D:14     | Gained mutation: Your spells are a little harder to cast,
                  | but a little more powerful. [potion of mutation]
 18841 | D:14     | Gained mutation: Scrolls take you a little longer to read.
                  | [potion of mutation]
 18841 | D:14     | Gained mutation: You have large cloven feet. [potion of
                  | mutation]
 18967 | D:13     | Found an opulent altar of Gozag.
 19341 | D:13     | Found a gate to the Vaults.
 19911 | D:12     | Found a bloodstained altar of Trog.
 20284 | Lair:1   | Entered Level 1 of the Lair of Beasts
 20299 | Lair:1   | Noticed Joseph
 20306 | Lair:1   | Killed Joseph
 20554 | Lair:1   | Found a transporter.
 20555 | Lair:1   | Identified the cursed +3 demon trident of the Tired Knaves
                  | {antimagic, Int+3}
 20560 | Lair:1   | Noticed haesbaert's ghost (journeyman BaIE)
 20699 | Lair:1   | Found a bloodstained altar of Trog.
 20731 | Lair:1   | Found a transporter.
 21204 | Lair:2   | Noticed Erica
 21211 | Lair:2   | Killed Erica
 21291 | Lair:2   | Found a hole to the Spider Nest.
 21948 | Lair:3   | Reached XP level 16. HP: 122/122 MP: 27/33
 22541 | Lair:4   | Found a dark tunnel.
 22561 | Volcano  | Entered a volcano
 23074 | Volcano  | Reached skill level 12 in Earth Magic
 23141 | Volcano  | Was forgiven by Kikubaaqudgha
 23458 | Orc:2    | Bought a scroll of identify for 22 gold pieces
 23458 | Orc:2    | Bought a scroll of fog for 22 gold pieces
 23460 | Orc:2    | Bought a potion of curing for 33 gold pieces
 23460 | Orc:2    | Bought a potion of brilliance for 44 gold pieces
 23460 | Orc:2    | Bought a potion of curing for 33 gold pieces
 23460 | Orc:2    | Bought a potion of curing for 33 gold pieces
 23460 | Orc:2    | Bought a potion of curing for 33 gold pieces
 23463 | Orc:2    | Bought a scroll of immolation for 49 gold pieces
 23635 | Lair:1   | Reached skill level 10 in Necromancy
 23641 | Lair:1   | Killed haesbaert's ghost
 24326 | Lair:4   | Found a staircase to the Shoals.
 24458 | Lair:5   | Found a viscous altar of Jiyva.
 24691 | Lair:5   | Got a fabulously ornate robe
 24834 | Lair:5   | Found a staircase to the Slime Pits.
 25075 | Lair:5   | Identified the cursed +1 robe of the Baker {*Contam rPois
                  | rC+} (You found it on level 5 of the Lair of Beasts)
 25111 | Lair:6   | Entered Level 6 of the Lair of Beasts
 25113 | Lair:6   | Gained mutation: Your magical capacity is low. (-10% MP)
                  | [mutagenic glow]
 25153 | Lair:6   | Reached skill level 13 in Earth Magic
 25221 | Lair:6   | Noticed Sonja
 25248 | Lair:6   | Killed Sonja
 25526 | Lair:6   | Got a warped leather armour
 25537 | Lair:6   | Identified the +3 leather armour of Failure {-Cast rC+
                  | Dex+4 Stlth+} (You found it on level 6 of the Lair of
                  | Beasts)
 26129 | Lair:6   | Reached skill level 14 in Earth Magic
 26129 | Lair:6   | Reached XP level 17. HP: 98/128 MP: 22/31
 26428 | Lair:6   | Got a translucent glass ring
 26574 | Lair:6   | Identified the ring "Doat Dud" {rPois AC+4 Str+5} (You
                  | found it on level 6 of the Lair of Beasts)
 26846 | D:11     | Learned a level 3 spell: Stone Arrow
 26851 | D:11     | Learned a level 4 spell: Petrify
 26860 | D:11     | Learned a level 8 spell: Necromutation
 27073 | Spider:1 | Entered Level 1 of the Spider Nest
 27077 | Spider:1 | Noticed Agnes
 27085 | Spider:1 | Killed Agnes
 27135 | Spider:1 | Reached skill level 15 in Earth Magic
 28046 | Spider:2 | Reached skill level 16 in Earth Magic
 28406 | Spider:2 | Identified Roxanne's Incunabulum of Transmigration
 28406 | Spider:2 | Noticed Roxanne
 28422 | Spider:2 | Killed Roxanne
 28424 | Spider:2 | HP: 5/128 [spark wasp (5)]
 28425 | Spider:2 | Reached skill level 17 in Earth Magic
 28438 | Spider:2 | Learned a level 6 spell: Statue Form
 28560 | Spider:2 | Reached skill level 1 in Transmutations
 29305 | Spider:2 | Got an ichor-stained ring mail
 29316 | Spider:2 | Identified the cursed +1 ring mail "Kutaemi" {rPois Str-5
                  | Dex+7} (You found it on level 2 of the Spider Nest)
 29422 | Spider:3 | Noticed Arachne
 29441 | Spider:3 | HP: 3/128 [Arachne/uncursed staff of poison (9)]
 29442 | Spider:3 | Slain by Arachne

Illustrated notes

Levels and vault maps discovered:
D:1:      minmay_arrival_up_and_down, layout_basic
D:2:      layout_rooms, first_ration
D:3:      layout_loops_ring, uniq_grinder
D:4:      layout_loops_corners, grunt_temple_overflow_open
D:5:      layout_basic, lemuel_doored_altar, amethyst_overflow_temple_binary,
          uniq_menkaure
D:6:      layout_basic, minmay_temple_entry_overgrown
D:7:      layout_basic, overflow_temple_1_default, trog_ov_bears_minmay,
          nicolae_dithmenos_shadow_blocks, basic_altar,
          lightli_bailey_entry_fortress, uniq_prince_ribbit1,
          uniq_crazy_yiuf_cottage
D:8:      layout_basic
D:9:      minmay_the_grid_square_5x5_3x3
          [minmay_the_grid_square_5x5_inverted_slash,
          minmay_the_grid_square_5x5_checkered_sparse,
          minmay_the_grid_square_5x5_gyroscope,
          minmay_the_grid_square_5x5_eight,
          minmay_the_grid_square_5x5_megaprize_open,
          minmay_the_grid_square_5x5_minivault,
          minmay_the_grid_square_5x5_one_wall,
          minmay_the_grid_square_5x5_minibox, minmay_the_grid_square_5x5_v],
          layout_gridville, hangedman_little_slice_of_home, skrybe_limestone_x,
          lemuel_statue_altar
D:10:     layout_roguey
D:11:     layout_roguey, lair_entry_dummy, zombieorc2_lemuel
D:12:     layout_roguey, serial_ice, serial_ice_e, serial_ice_k, serial_ice_d,
          serial_ice_n, portal_ice_cave_demonic_guard, basic_altar, minmay_holes
D:13:     minmay_general_purpose_star, layout_rooms, ximxim_vaults_locker_room,
          grunt_gozag_statues
D:14:     layout_cave_pods, chequers_big_river, minivault_16, tso_altar,
          uniq_frances
D:15:     grunt_enter_depths_giant_problem, layout_cave_pools, serial_rivers,
          chequers_serial_rivers_micro_c, chequers_serial_rivers_small_3,
          chequers_serial_rivers_room_b, chequers_serial_rivers_room_a,
          chequers_serial_rivers_room_a, minmay_checkerbox, uniq_jorgrun
Temple:   nicolae_temple_great_sept
Lair:1:   layout_cellular_growth, gammafunk_ghost_wrathful_warriors,
          lemuel_fruit_fields, uniq_joseph
Lair:2:   layout_regular_city, spider_nest_entry_webs, uniq_erica
Lair:3:   layout_gridlike, serial_bayou_pond_e
Lair:4:   layout_long_grid, minmay_shoals_entry_hut, enter_volcano_1
Lair:5:   layout_hall_layers, slime_altar_1
Lair:6:   hangedman_lair_in_review, layout_regular_city,
          hangedman_lair_caniforms_friends, minmay_lair_oklob_chamber,
          infiniplex_staircase_pool, lemuel_fruit_fields, lemuel_fruit_tree,
          uniq_sonja
Spider:1: layout_spider_delve, nicolae_spider_shape, uniq_agnes
Spider:2: layout_spider_delve, nicolae_orb_stairs, uniq_roxanne
Spider:3: layout_chambers, drop_trap, uniq_arachne
Orc:1:    layout_caves
Orc:2:    st_orc_rangers, layout_diamond_mine, gammafunk_ghost_smash

Skill      XL: |  1  2  3  4  5  6  7  8  9 10 11 12 13 14 15 16 17 |
---------------+----------------------------------------------------+-----
Conjurations   | 1 2 3 4 5 6 |  6.0
Poison Magic   | 1 3 4 |  4.0
Fire Magic     | 1 2 4 5 |  5.0
Air Magic      | 1 2 3 4 |  4.0
Necromancy     | 3 4 6 8 9 11 12 | 12.0
Fighting       | 4 6 7 8 10 | 10.0
Armour         | 4 6 7 8 10 | 10.0
Dodging        | 3 4 5 6 7 |  7.0
Spellcasting   | 5 10 13 14 | 14.0
Earth Magic    | 4 11 14 17 | 17.4
Shields        | 1 10 | 10.0
Transmutations | 3 |  3.9
Stealth        | |  2.4
Summonings     | |  1.0
Translocations | |  0.8

Action                   |  1- 3 |  4- 6 |  7- 9 | 10-12 | 13-15 | 16-18 || total
-------------------------+-------+-------+-------+-------+-------+-------++-------
Melee: Short sword       |     4 |    28 |   184 |   403 |   194 |       ||   813
       Halberd           |       |       |     2 |     7 |       |       ||     9
       Trident           |       |       |       |    46 |    13 |     6 ||    65
       Great mace        |       |       |       |       |    53 |       ||    53
       War axe           |       |       |       |       |   377 |   303 ||   680
       Kick              |       |       |       |       |    52 |    57 ||   109
       Lajatang          |       |       |       |       |       |   192 ||   192
       Flail             |       |       |       |       |       |     3 ||     3
 Fire: Shortbow          |       |       |     2 |    78 |       |       ||    80
       Arbalest          |       |       |       |       |       |     3 ||     3
Throw: Javelin           |       |     6 |       |       |       |       ||     6
       Dart              |       |       |     3 |     8 |     9 |       ||    20
 Cast: Magic Dart        |    74 |   103 |    73 |    94 |    24 |     9 ||   377
       Mephitic Cloud    |       |     5 |    30 |    37 |    13 |    11 ||    96
       Conjure Flame     |       |     1 |    17 |    66 |    52 |    10 ||   146
       Vampiric Draining |       |       |       |    12 |     3 |    10 ||    25
       Sublimation of Bl |       |       |       |    15 |    33 |    23 ||    71
       Dispel Undead     |       |       |       |     7 |    13 |     5 ||    25
       Borgnjor's Vile C |       |       |       |    27 |   137 |   160 ||   324
Invok: Potion Petition   |       |       |       |       |     1 |     1 ||     2
       Receive Necronomi |       |       |       |       |     1 |       ||     1
       Renounce Religion |       |       |       |       |     1 |       ||     1
 Abil: Dig               |       |     3 |    14 |    18 |    29 |    23 ||    87
       Shaft Self        |       |       |       |     3 |       |       ||     3
  Use: Scroll            |       |     3 |     6 |     9 |     6 |    15 ||    39
       Potion            |       |       |     1 |     1 |     6 |     2 ||    10
 Stab: Confused          |       |     2 |     9 |    17 |     1 |     5 ||    34
       Sleeping          |       |       |       |     2 |       |       ||     2
       Distracted        |       |       |       |     1 |       |     1 ||     2
       Invisible         |       |       |       |       |     1 |       ||     1
  Eat: Chunk             |     1 |     8 |    15 |    36 |    29 |       ||    89
       Ration            |       |       |       |     1 |    11 |     8 ||    20
Armor: Robe              |     2 |     2 |    20 |    20 |       |       ||    44
       Ring mail         |       |       |       |    15 |       |       ||    15
       Troll leather arm |       |       |       |    15 |   108 |   162 ||   285
Dodge: Dodged            |    13 |    37 |    92 |   307 |   347 |   169 ||   965
       Repelled          |       |       |     4 |    12 |    18 |     2 ||    36
Block: Kite shield       |       |       |       |       |   758 |   989 ||  1747
